 Dungeon Crawl Stone Soup version 0.18.1-51-gd549091e01 (webtiles) character file.

441 magog001 the Shield-Bearer (level 6, 0/52 HPs)
             Began as a Draconian Fighter on Apr 14, 2022.
             Was an Initiate of Nemelex Xobeh.
             Killed by nerve-wracking pain
             ... invoked by Grinder
              (14 damage)
             ... on level 4 of the Dungeon.
             The game lasted 00:20:14 (4437 turns).

magog001 the Shield-Bearer (Draconian Fighter)      Turns: 4437, Time: 00:20:15

Health: 0/52       AC:  6    Str: 20    XL:     6   Next: 70%
Magic:  6/6        EV: 11    Int:  8    God:    Nemelex Xobeh [......]
Gold:   139        SH:  9    Dex: 11    Spells: 0 memorised, 5 levels left

rFire  . . .     SeeInvis +     a - +0 war axe
rCold  . . .     Gourm    .     (armour unavailable)
rNeg   . . .     Faith    .     b - +0 shield
rPois  .         Spirit   .     (helmet restricted)
rElec  .         Dismiss  .     (no cloak)
rCorr  .         Reflect  .     (no gloves)
SustAt .         Harm     .     (no boots)
MR     .....                    (no amulet)
Stlth  +.........               (no ring)
                                r - ring of see invisible

@: not resistant to hostile enchantments, very unstealthy
A: unfitting armour, cold-blooded, AC +6
a: Renounce Religion


You were on level 4 of the Dungeon.
You worshipped Nemelex Xobeh.
Nemelex Xobeh was noncommittal.
You were not hungry.

You visited 2 branches of the dungeon, and saw 5 of its levels.

You collected 139 gold pieces.

Inventory:

Hand Weapons
 a - a +0 war axe (weapon)
 k - a +0 hunting sling
Missiles
 f - 122 stones (quivered)
 g - 37 sling bullets
 m - 44 bolts
 n - 13 arrows
Armour
 b - a +0 shield (worn)
Jewellery
 r - a ring of see invisible (left hand)
Scrolls
 h - 6 scrolls of remove curse
 s - a scroll of identify
Comestibles
 d - a bread ration
 l - 3 fruits
 q - 2 beef jerkies


   Skills:
 * Level 4.1 Fighting
 * Level 3.8 Axes
 + Level 0.1 Throwing
 * Level 4.6 Dodging
 + Level 0.2 Stealth
 * Level 4.8 Shields


You had 5 spell levels left.
You didn't know any spells.

Dungeon Overview and Level Annotations

Branches:
Dungeon (4/15)             Temple (1/1) D:4

Altars:
Ashenzari
Makhleb
Nemelex Xobeh
Pakellas
Qazlal
Ru
Sif Muna
Vehumet

Annotations:
D:4 Grinder


Innate Abilities, Weirdness & Mutations

Your plain brown scales are hard (AC +6).
Your body does not fit into most forms of armour.
You are cold-blooded and may be slowed by cold attacks.


Message History

Grinder is heavily wounded.
Grinder gestures at you. Pain shoots through your body!
You completely miss Grinder.
Grinder is heavily wounded.
Grinder gestures at you. Pain shoots through your body!
Your shield prevents you from hitting Grinder.
Grinder is heavily wounded.
Grinder hits you.
* * * LOW HITPOINT WARNING * * *
Grinder gestures at you. Pain shoots through your body!
* * * LOW HITPOINT WARNING * * *
You closely miss Grinder.
Grinder is heavily wounded.
Grinder gestures at you. Pain shoots through your body!
You die...
Your body disappears without a glow.

## ..# #................ .# #.##
#................ ?########..#
###................
...........####.....(..(.........
............##.......(...........
....####.........................
...## #...#.#.............(.....
.... #..#.#.#.5..(..(.........(
##... #.#.#.#.#@.(....(.........
#........#.>.#.....$....$...(...
#...#...#.#.#.#.........)((.....
###..#.#.#..$.......?)(....(
#...#.#(...........)......
#.........................
#.#.................).....
#......................(..
#...[..........(.........(


You could see Grinder.

Vanquished Creatures
  A phantom (D:4)
  A hound (D:4)
  An orc priest (D:4)
  2 orc wizards
  A giant frog skeleton (D:4)
  A hound skeleton (D:4)
  7 adders
  3 worms
  8 dart slugs
  8 orcs
  4 giant cockroaches
  10 goblins
  8 hobgoblins
  8 jackals
  12 kobolds
  2 quokkas
  A ball python (D:4)
  7 bats
  4 giant newts
  13 rats
102 creatures vanquished.

Notes
Turn   | Place    | Note
--------------------------------------------------------------
     0 | D:1      | magog001 the Draconian Fighter began the quest for the Orb.
     0 | D:1      | Reached XP level 1. HP: 19/19 MP: 1/1
   170 | D:1      | Reached XP level 2. HP: 26/26 MP: 2/2
   468 | D:1      | Reached XP level 3. HP: 24/31 MP: 3/3
  1414 | D:2      | Reached XP level 4. HP: 34/38 MP: 4/4
  2690 | D:3      | Reached XP level 5. HP: 35/46 MP: 5/5
  3689 | D:4      | Noticed Grinder
  3832 | D:4      | Found a staircase to the Ecumenical Temple.
  3888 | D:4      | Reached XP level 6. HP: 27/52 MP: 6/6
  4237 | D:4      | Paralysed by Grinder for 4 turns
  4249 | D:4      | Paralysed by Grinder for 4 turns
  4259 | Temple   | Entered the Ecumenical Temple
  4395 | Temple   | Became a worshipper of Nemelex Xobeh the Trickster
  4407 | D:4      | Paralysed by Grinder for 2 turns
  4421 | D:4      | Paralysed by Grinder for 5 turns
  4428 | D:4      | Paralysed by Grinder for 3 turns
  4437 | D:4      | Killed from afar by Grinder

Skill      XL: |  1  2  3  4  5  6 |
---------------+-------------------+-----
Dodging        | 3 4 |  4.6
Axes           | 3 |  3.8
Shields        | 4 |  4.8
Fighting       | 4 |  4.1
Throwing       | |  0.1
Stealth        | |  0.2

Action                   |  1- 3 |  4- 6 || total
-------------------------+-------+-------++-------
Melee: War axe           |   136 |   213 ||   349
       Tailslap          |     8 |    28 ||    36
Throw: Stone             |       |    24 ||    24
  Use: Potion            |     1 |     5 ||     6
       Scroll            |       |     4 ||     4
  Eat: Chunk             |     2 |     9 ||    11
       Bread ration      |       |     1 ||     1
Armor: Skin              |    62 |    81 ||   143
Dodge: Dodged            |    71 |   120 ||   191
Block: Shield            |   101 |   114 ||   215
